AoeStats
← Red Calypso

Arena

506546201Analyzed
4v4 RM · 18d ago on Sep 14, 2026· 34m 49s· 8 players
Game mode
Random Map
Map size
Large (8 player)
Population
200
Speed
Normal
Resources
Standard
Victory
Conquest
Starting age
Dark Age
Ending age
Imperial Age
RankedLock teamsTeams togetherTeam positionsShared explorationLock speedFull tech treeHidden civsTurbo modeCheats
Victory
Defeat
🇨🇱 Persians · Chile
1885
+5
🇨🇱 Teutons · Chile
1812
+6
🇨🇱 Japanese · Chile
1675
+11
🇵🇪 Vikings · Peru
1595
+13
🇺🇸 Poles · United States
1680
-13
🇩🇿 Khmer · Algeria
1603
-10
🇦🇹 Maya · Austria
1493
-6
🇺🇸 Aztecs · United States
1459
-6
Ice2207
11:05 Feudal Age
14:54 Castle Age
13:01 Double-Bit Axe
16:15 Bow Saw
16:22 Loom
17:26 Gold Mining
17:22 Horse Collar
18:58 Sanctity
21:04 Redemption
23:22 Fervor
26:34 Scale Mail Armor
27:19 Atonement
27:19 Devotion
27:30 Pikeman
30:40 Squires
36:48 Imperial Age
35:23 Wheelbarrow
Red Calypso
0:34 Loom
11:03 Feudal Age
14:58 Castle Age
15:53 Fletching
16:04 Padded Archer Armor
15:53 Double-Bit Axe
20:01 Padded Archer Armor
23:24 Bodkin Arrow
25:25 Wheelbarrow
24:32 Horse Collar
25:16 Ballistics
29:22 Bow Saw
31:06 Leather Archer Armor
34:13 Imperial Age
34:58 Bracer
36:00 Chemistry
MrWrong
9:23 Feudal Age
9:04 Loom
10:55 Double-Bit Axe
12:29 Horse Collar
18:45 Castle Age
19:33 Heavy Plow
19:45 Bow Saw
20:57 Wheelbarrow
21:38 Szlachta Privileges
21:40 Scale Barding Armor
22:15 Bloodlines
25:23 Chain Barding Armor
25:38 Forging
29:27 Gold Mining
33:55 Imperial Age
hl.exe
8:44 Feudal Age
11:04 Loom
14:09 Castle Age
14:12 Double-Bit Axe
24:50 Wheelbarrow
24:29 Bow Saw
29:10 Hand Cart
31:10 Gold Mining
34:13 Imperial Age
31:30 Town Watch
33:45 Horse Collar
Miguel T
10:27 Feudal Age
14:30 Castle Age
12:36 Horse Collar
13:02 Double-Bit Axe
17:38 Loom
31:21 Scale Mail Armor
32:12 Heavy Plow
32:22 Bow Saw
33:37 Bow Saw
33:50 Chain Mail Armor
33:45 Forging
HR itu
6:10 Loom
8:28 Feudal Age
10:03 Fletching
15:03 Double-Bit Axe
18:55 Wheelbarrow
24:47 Castle Age
27:02 Bodkin Arrow
30:25 Bow Saw
HR Whitecourt
10:55 Feudal Age
11:57 Horse Collar
14:18 Castle Age
12:35 Double-Bit Axe
15:05 Bow Saw
19:38 Wheelbarrow
22:12 Hand Cart
23:30 Heavy Plow
23:32 Stone Mining
23:49 Gold Mining
24:17 Loom
28:53 Imperial Age
26:13 Town Watch
27:06 Scale Barding Armor
28:09 Stone Shaft Mining
28:24 Gold Shaft Mining
28:14 Chain Barding Armor
28:05 Forging
29:38 Coinage
30:10 Plate Barding Armor
29:46 Bloodlines
29:36 Husbandry
31:01 Iron Casting
30:21 Elite War Elephant
31:50 Banking
31:56 Fletching
32:22 Devotion
33:48 Blast Furnace
32:46 Bodkin Arrow
34:57 Ballistics
35:38 Chemistry
35:05 Conscription
35:21 Hoardings
HR RYGE
10:34 Feudal Age
14:36 Castle Age
12:36 Horse Collar
13:05 Double-Bit Axe
19:21 Wheelbarrow
20:28 Scale Barding Armor
20:14 Light Cavalry
21:41 Bloodlines
22:53 Chain Barding Armor
24:26 Forging
24:56 Husbandry
24:43 Loom
28:28 Hand Cart
31:39 Imperial Age
29:54 Heavy Plow
30:02 Fletching
30:52 Ballistics
31:11 Bodkin Arrow
Connection lost

Rejoining the realm…

Still unreachable

The connection could not be restored.

Session expired

The server has moved on; the page needs a fresh start.